 Dungeon Crawl Stone Soup version 0.31.0 (webtiles) character file.

Game seed: 17219528941677545979

254 James the Poker (level 6, -12/48 HPs)
             Began as a Formicid Cinder Acolyte on Jan 19, 2024.
             Was a High Priest of Ignis.
             Mangled by an ogre
             ... wielding a +0 giant club
              (22 damage)
             ... on level 4 of the Dungeon.
             The game lasted 00:09:12 (4106 turns).

James the Poker (Formicid Cinder Acolyte)           Turns: 4106, Time: 00:09:13

Health: -12/48     AC:  9    Str: 21    XL:     6   Next: 38%
Magic:  7/7        EV:  8    Int: 13    God:    Ignis [*****.]
Gold:   164        SH:  0    Dex:  9    Spells: 7/7 levels left

rFire   + . .        a - +0 lajatang
rCold   + . .        (no shield)
rNeg    . . .        l - +0 chain mail
rPois   .            (helmet unavailable)
rElec   .            d - +0 cloak
rCorr   .            (no gloves)
SInv    +            (no boots)
Will    .....        (no amulet) Stlth
                     o - ring of protection from cold
HPRegen 0.28/turn    w - ring of flight
MPRegen 0.10/turn

%: no passive effects
@: lethally poisoned (-12 -> -18), flying
A: permanent stasis, dig shafts and tunnels, antennae 3, four strong arms
a: Dig, Shaft Self, Renounce Religion, Fiery Armour, Foxfire Swarm, Rising Flame


You were on level 4 of the Dungeon.
You worshipped Ignis.
Ignis was extremely pleased with you.
You visited 1 branch of the dungeon, and saw 4 of its levels.

You collected 164 gold pieces.

Inventory:

Hand Weapons
 a - a +0 lajatang (weapon)
   (You found it on level 4 of the Dungeon)
 b - a +0 sling
   (You found it on level 1 of the Dungeon)
 i - a +1 whip of electrocution
   (You took it off a kobold on level 1 of the Dungeon)
 q - a +2 dagger of venom
   (You took it off Robin on level 3 of the Dungeon)
 v - a -1 spear of flaming
Missiles
 e - 38 stones
Armour
 d - a +0 cloak (worn)
   (You found it on level 1 of the Dungeon)
 g - a +0 robe
 h - a +0 ring mail
   (You found it on level 2 of the Dungeon)
 k - a +0 ring mail
   (You took it off an orc on level 3 of the Dungeon)
 l - a +0 chain mail (worn)
   (You took it off an orc on level 2 of the Dungeon)
 m - a +0 leather armour
   (You took it off an orc on level 2 of the Dungeon)
 p - a +2 animal skin
   (You took it off Robin on level 3 of the Dungeon)
 t - a +0 robe
   (You found it on level 3 of the Dungeon)
 u - a +0 leather armour
   (You found it on level 3 of the Dungeon)
 x - a +0 scale mail
   (You found it on level 4 of the Dungeon)
 B - a +0 ring mail
   (You found it on level 4 of the Dungeon)
Jewellery
 o - a ring of protection from cold (left hand)
   (You found it on level 3 of the Dungeon)
 w - a ring of flight (right hand)
   (You found it on level 4 of the Dungeon)
Wands
 C - a wand of roots (1)
   (You found it on level 4 of the Dungeon)
Scrolls
 c - 2 scrolls of fog {unknown}
 f - 4 scrolls of teleportation {unknown}
 j - 4 scrolls of identify {unknown}
 y - a scroll of immolation {unknown}
Potions
 n - a potion of ambrosia {unknown}
 s - a potion of curing {unknown}
 z - a potion of cancellation {unknown}
 A - a potion of heal wounds {unknown}


   Skills:
 + Level 3.7 Fighting
 * Level 6.2 Polearms
 + Level 1.4 Armour
 - Level 1.1 Spellcasting
 - Level 3.0 Fire Magic


You had 7 spell levels left.
You didn't know any spells.
Your spell library contained the following spells:

 Spells                   Type           Power      Damage    Failure   Level
 Scorch                   Fire           16%        2d5       67%         2
 Ozocubu's Armour         Ice            0%         N/A       100%        3
 Metabolic Englaciation   Hex/Ice        0%         N/A       100%        5
 Sculpt Simulacrum        Ice/Alch       0%         N/A       100%        6


Dungeon Overview and Level Annotations

Branches:
Dungeon (4/15)
 Temple: D:4-7

Altars:
Gozag
Uskayaw

Annotations:
D:4 Edmund


Innate Abilities, Weirdness & Mutations

You cannot be hasted, slowed, berserked, paralysed or teleported.
You can dig through walls and to a lower floor.
You have a pair of large antennae on your head. (SInv)
Your four strong arms can wield two-handed weapons with a shield.


Message History

You are poisoned.
You feel sick.
You feel sick.
You feel sick.
You feel sick.
You feel sick.
You feel sick.
You are no longer poisoned.
The ogre attacks as it pursues you!
The ogre hits you with a +0 giant club!!
Ouch! That really hurt!
* * * LOW HITPOINT WARNING * * *
There is a stone staircase leading up here.
You fly upwards.
There is a stone staircase leading down here.
There is a stone staircase leading down here.
You start resting.
You fly downwards.
Level annotation: Edmund
There is a stone staircase leading up, spattered with blood here.
Throw: 4 darts (atropa)
Press: ? - help, Q - select action, (/) - cycle Shift-Dir - straight line, f - ogre
Aim: an ogre, wielding a +0 giant club (69% to hit, chance to blind on hit: 27%)
You throw an atropa-tipped dart. The atropa-tipped dart hits the ogre.
The ogre resists.
Throw: 3 darts (atropa)
Press: ? - help, Q - select action, (/) - cycle Shift-Dir - straight line, f/p - ogre
Aim: an ogre, wielding a +0 giant club (69% to hit, chance to blind on hit: 27%)
You throw an atropa-tipped dart. The atropa-tipped dart hits the ogre.
The ogre resists.
Throw: 2 darts (atropa)
Press: ? - help, Q - select action, (/) - cycle Shift-Dir - straight line, f/p - ogre
Aim: an ogre, wielding a +0 giant club (69% to hit, chance to blind on hit: 27%)
You throw an atropa-tipped dart.
The atropa-tipped dart barely misses the ogre.
Throw: dart (atropa)
Press: ? - help, Q - select action, (/) - cycle Shift-Dir - straight line, f/p - ogre
Aim: an ogre, wielding a +0 giant club (69% to hit, chance to blind on hit: 27%)
You throw an atropa-tipped dart.
The atropa-tipped dart barely misses the ogre.
The ogre hits you with a +0 giant club!
You barely miss the ogre.
The ogre hits you with a +0 giant club!!
* * * LOW HITPOINT WARNING * * *
The kobold throws a poisoned dart.
The poisoned dart hits you!
You are poisoned.
You feel very sick. The ogre attacks as it pursues you!
The ogre hits you with a +0 giant club!!
You die...

##..###..♣ ##.....♣# ....
#..K...♣ ..... #......♣#
♣..... #..##...♣♣♣......
###............... .
##.......#......... ...
##..<............... ....
#...((((O@........... ....
#....#............... ....
#....#....##......... ....
##...#............. ....
#..............#.# ....
###.....##......# ##....
#.....####....####.#....
#...............#.......
#........................#


You could see an ogre and a kobold.

Vanquished Creatures
  A scorpion (D:2)
  2 iguanas (D:4)
  Robin (D:3)
  5 adders
  2 dart slugs
  3 ribbon worms
  8 orcs
  5 ball pythons
  2 endoplasms (D:1)
  2 giant cockroaches
  12 goblins
  9 hobgoblins
  5 kobolds
  4 quokkas
  5 bats
  A frilled lizard (D:1)
  A rat (D:1)
68 creatures vanquished.

Vanquished Creatures (others)
  7 foxfires (D:2)
7 creatures vanquished.

Grand Total: 75 creatures vanquished

Notes
Turn   | Place    | Note
-------+----------+-------------------------------------------
     0 | D:1      | James the Formicid Cinder Acolyte began the quest for the
                  | Orb.
     0 | D:1      | Reached XP level 1. HP: 18/18 MP: 2/2
   335 | D:1      | Reached XP level 2. HP: 14/24 MP: 3/3
   639 | D:1      | Reached skill level 4 in Polearms
   639 | D:1      | Reached XP level 3. HP: 23/29 MP: 4/4
  1297 | D:2      | HP: 1/29 [poisoned by an adder]
  1988 | D:3      | Noticed Robin
  2008 | D:2      | Reached XP level 4. HP: 11/35 MP: 5/5
  2252 | D:3      | Reached skill level 5 in Polearms
  2252 | D:3      | Noticed a scorpion
  2278 | D:2      | Killed a scorpion
  2279 | D:2      | Reached XP level 5. HP: 15/41 MP: 6/6
  3004 | D:3      | Killed Robin
  3005 | D:3      | Reached skill level 6 in Polearms
  3105 | D:3      | Found a hide-covered altar of Uskayaw.
  3171 | D:3      | Found an opulent altar of Gozag.
  3338 | D:4      | Reached skill level 1 in Armour
  3338 | D:4      | Reached XP level 6. HP: 5/47 MP: 7/7
  3800 | D:4      | Noticed Edmund
  3954 | D:4      | Noticed an ogre
  4106 | D:4      | Mangled by an ogre

Illustrated notes

Levels and vault maps discovered:
D:1:      heliophobic_arrival_enchanted_forest, layout_basic, minivault_24
D:2:      layout_loops_cross
D:3:      layout_basic, pf_just_have_faith, mainiacjoe_overflow_brackets,
          serial_aquarium, aquarium_bridge_straight [aquarium_subvault_bridge,
          aquarium_subvault_wall, aquarium_subvault_bridge,
          aquarium_subvault_wall], aquarium_window_corner, aquarium_window_1,
          aquarium_window_fake, aquarium_view_2a, aquarium_balcony_1b,
          aquarium_pool_2, serial_park_tiny_pond, uniq_robin
D:4:      layout_cave_pools, jmf_multi_god_temple2,
          minmay_temple_entry_mini_moons, minmay_stone_trees_small,
          hangedman_decor_diamond_cutter, uniq_edmund

Skill      XL: |  1  2  3  4  5 |
---------------+----------------+-----
Polearms       | 4 5 6 |  6.2
Armour         | 1 |  1.4
Fighting       | |  3.7
Spellcasting   | |  1.1
Fire Magic     | |  3.0

Action                     |  1- 3 |  4- 6 || total
---------------------------+-------+-------++-------
  Melee: Spear             |   126 |   158 ||   284
         Punch             |     1 |     2 ||     3
         Lajatang          |       |    25 ||    25
   Fire: Sling             |    16 |       ||    16
  Throw: Dart              |       |     4 ||     4
 Invoke: Foxfire Swarm     |       |     1 ||     1
    Use: Potion            |     1 |       ||     1
 Armour: Robe              |    40 |       ||    40
         Ring mail         |    17 |    70 ||    87
         Chain mail        |       |    24 ||    24
  Dodge: Dodged            |    55 |    81 ||   136
